 Dungeon Crawl Stone Soup version 0.27-a0-512-g57cc695410 (webtiles) character file.

Game seed: 11936775843238808352

320 dickylongcocking the Shield-Bearer (level 6, 47/47 HPs)
             Began as a Demonspawn Fighter on Mar 3, 2021.
             Was a Follower of Uskayaw.
             Quit the game on level 5 of the Dungeon.
             The game lasted 00:02:11 (4371 turns).

dickylongcocking the Shield-Bearer (DsFi)           Turns: 4371, Time: 00:02:12

Health: 47/47      AC:  6    Str: 18    XL:     6   Next: 22%
Magic:  8/8        EV:  7    Int: 11    God:    Uskayaw [*.....]
Gold:   172        SH:  9    Dex: 13    Spells: 5/5 levels left

rFire    . . .     SeeInvis .   a - +0 rapier
rCold    + . .     Faith    .   c - +0 kite shield
rNeg     . . .     Spirit   .   b - +0 scale mail
rPois    .         Reflect  .   (no helmet)
rElec    .         Harm     .   (no cloak)
rCorr    .         Rampage  .   (no gloves)
Will     .....                  (no boots)
Stlth    ..........             (no amulet)
HPRegen  0.15/turn              o - ring of protection from cold
MPRegen  0.11/turn              (no ring)

@: no status effects
A: big brain 1, demonic magic 2
a: Renounce Religion, Stomp


You were on level 5 of the Dungeon.
You worshipped Uskayaw.
Uskayaw was noncommittal.
You visited 1 branch of the dungeon, and saw 5 of its levels.

You collected 172 gold pieces.

Inventory:

Hand Weapons
 a - a +0 rapier (weapon)
 m - a +1 short sword of distortion
Armour
 b - a +0 scale mail (worn)
 c - a +0 kite shield (worn)
Jewellery
 o - a ring of protection from cold (left hand)
Scrolls
 e - 3 scrolls of enchant armour {unknown}
 f - 2 scrolls of immolation {unknown}
 g - a scroll of magic mapping {unknown}
 h - 2 scrolls of random uselessness {unknown}
 i - 3 scrolls of fog {unknown}
 j - 4 scrolls of identify {unknown}
 n - a scroll of enchant weapon {unknown}
 r - a scroll of fear {unknown}
Potions
 d - a potion of might
 k - a potion of brilliance {unknown}
 l - a potion of berserk rage {unknown}
 p - a potion of curing {unknown}
 q - a potion of magic {unknown}
 s - a potion of attraction {unknown}


   Skills:
 - Level 3.0 Fighting
 * Level 3.9 Short Blades
 - Level 2.6 Armour
 * Level 4.4 Shields
 * Level 3.9 Invocations


You had 5 spell levels left.
You didn't know any spells.
Your spell library was empty.

Dungeon Overview and Level Annotations

Branches:
Dungeon (5/15)
 Temple: D:4-7

Altars:
Cheibriados
Nemelex Xobeh
Uskayaw


Innate Abilities, Weirdness & Mutations

You have an unusually large brain. (Int +2)
Spells you cast may paralyse nearby enemies.


Message History

The hound is almost dead.
You block the hound's attack. The hound bites you but does no damage.
You can now pass through a line of other dancers.
A hound is nearby!
You hit the hound.
You kill the hound!
No target in view!
No target in view!
You can no longer pass through a line of other dancers.
Key pressed, stopping explore.
No target in view!
Key pressed, stopping explore.
No target in view!
Found a stone staircase leading up.
No target in view!
No target in view!
There is a stone staircase leading down here.
There is a stone staircase leading down here.
You open the door.
There is an open door here.
You now have 172 gold pieces (gained 14).
Done exploring.
Done exploring.
No target in view!
Done exploring.
(D) Dungeon
Where to? (Enter - D:4, ? - help)
There is an open door here.
There is a stone staircase leading down here.
You climb downwards. 2 orcs and 2 orc priests come into view.
The orc priest shouts! x2; The orc shouts! x2
Found a stone staircase leading down.
There is a stone staircase leading up here.
There are monsters nearby!
There are monsters nearby!
There are monsters nearby!
There are monsters nearby!
Autopickup is now off.
Are you sure you want to abandon this character and quit the game? (Confirm with "yes".)

......>#
......# .
.....# ..
#....# o..
##....# ..#
..#.....##...##
.............o.
.......@..o....
#.............+
........##...##
#o......# ..#
......... ...
###...... ..
....... .
...#.....


You could see 2 orc priests and 2 orcs.

Vanquished Creatures
  A centaur (D:4)
  A scorpion (D:4)
  A centaur skeleton (D:4)
  A hound (D:4)
  An iguana (D:4)
  A worker ant (D:3)
  2 adders
  2 oozes
  2 adder skeletons (D:4)
  A worm (D:2)
  A leopard gecko (D:2)
  2 orcs
  A ball python (D:1)
  6 bats
  A giant cockroach (D:2)
  6 goblins
  7 hobgoblins
  A quokka (D:3)
  5 frilled lizards
  8 kobolds
  A leopard gecko skeleton (D:4)
  9 rats
61 creatures vanquished.

Notes
Turn   | Place    | Note
-------+----------+-------------------------------------------
     0 | D:1      | dickylongcocking the Demonspawn Fighter began the quest for
                  | the Orb.
     0 | D:1      | Reached XP level 1. HP: 18/18 MP: 1/1
   515 | D:1      | Reached skill level 3 in Shields
   522 | D:1      | Gained mutation: Spells you cast may paralyse adjacent
                  | enemies. [demonic ancestry]
   522 | D:1      | Reached XP level 2. HP: 18/24 MP: 2/2
  1479 | D:2      | Found a hide-covered altar of Uskayaw.
  1491 | D:2      | Reached XP level 3. HP: 25/29 MP: 3/3
  1493 | D:2      | Became a worshipper of Uskayaw the Reveller
  1574 | D:2      | Reached * piety under Uskayaw
  1745 | D:2      | Reached skill level 1 in Invocations
  2534 | D:3      | Found a snail-covered altar of Cheibriados.
  2667 | D:3      | Reached ** piety under Uskayaw
  2676 | D:3      | Gained mutation: Spells you cast may paralyse nearby
                  | enemies. [demonic ancestry]
  2676 | D:3      | Reached XP level 4. HP: 26/35 MP: 5/5
  3241 | D:3      | Found a sparkling altar of Nemelex Xobeh.
  3550 | D:4      | Gained mutation: You have an unusually large brain. (Int
                  | +2) [demonic ancestry]
  3550 | D:4      | Reached XP level 5. HP: 22/41 MP: 6/6
  3700 | D:4      | Noticed a centaur
  3709 | D:4      | Killed a centaur
  3709 | D:4      | Reached *** piety under Uskayaw
  3710 | D:4      | Reached skill level 4 in Shields
  4064 | D:4      | Reached XP level 6. HP: 42/47 MP: 8/8
  4370 | D:5      | Entered Level 5 of the Dungeon
  4371 | D:5      | Quit the game

Illustrated notes

Levels and vault maps discovered:
D:1:      lightli_arrival_noodles, layout_loops_ring
D:2:      layout_rooms, nicolae_overflow_crystal_walls
D:3:      layout_basic, lemuel_crystal_altar, nemelex_dance_club_becter
D:4:      layout_basic, kennysheep_generic_room_4
D:5:      minmay_razor_zed, layout_gridville, gammafunk_temple_overflow_wave,
          lemuel_temple_firewalk_a, hangedman_decor_lopped, minmay_diced_spiral,
          uniq_sigmund, uniq_pikel, uniq_duvessa

Skill      XL: |  1  2  3  4  5 |
---------------+----------------+-----
Short Blades   | 2 3 |  3.9
Shields        | 3 4 |  4.4
Invocations    | 1 2 3 |  3.9
Fighting       | |  3.0
Armour         | |  2.6

Action                   |  1- 3 |  4- 6 || total
-------------------------+-------+-------++-------
Melee: Rapier            |   174 |    71 ||   245
  Use: Potion            |     2 |       ||     2
 Stab: Paralysed         |       |     1 ||     1
Armor: Scale mail        |    70 |    32 ||   102
Dodge: Dodged            |    56 |    25 ||    81
Block: Kite shield       |    99 |    30 ||   129

Table legend: (Time is in decaauts)
 A = Elapsed time spent in this place.
 B = Non-inter-level travel time spent in this place.
 C = Inter-level travel time spent in this place.
 D = Time resting spent in this place.
 E = Time spent auto-exploring this place.
 F = Levels seen in this place.
 G = Mean time per level.
                   A        B        C        D        E       F      G
               +--------+--------+--------+--------+--------+-----+--------+
         Total |   4442 |   4331 |    111 |    503 |   3262 |   5 |  888.4 |
       Dungeon |   4442 |   4331 |    111 |    503 |   3262 |   5 |  888.4 |
               +--------+--------+--------+--------+--------+-----+--------+

Top non-repeatable levels by time:
     D:3: 1591 daAuts
     D:1: 1107 daAuts
     D:4: 929 daAuts
     D:2: 813 daAuts
     D:5: 0 daAuts
